[Event "Titled Tuesday Blitz September 27 Early 2022"]
[White "Sipila, Vilka"]
[Black "Makhnev, Denis"]
[WhiteFideId "505455"]
[BlackFideId "13707647"]
[WhiteElo "2329"]
[BlackElo "2486"]
[Result "0-1"]
[Round "03"]
[TimeControl "180+1"]
[Date "2022.09.27"]
[WhiteClock "0:00:06"]
[BlackClock "0:00:20"]

1. b3 e5 2. Bb2 Nc6 3. e3 Nf6 4. Bb5 Bd6 5. Na3 Na5 6. Be2 O-O 7. Nb5 Qe7 8. Nf3 Nc6 9. O-O Re8 10. Re1 a6 11. Nxd6 Qxd6 12. d4 e4 13. Ne5 Qe6 14. c4 Nd8 15. d5 Qf5 16. Qd4 Qg5 17. h4 Qh6 18. Ng4 Nxg4 19. Bxg4 d6 20. Bxc8 Rxc8 21. f4 f6 22. g3 Qg6 23. Kf2 Nf7 24. Rh1 h5 25. Rag1 b6 26. Qd1 Nh6 27. Ke1 b5 28. cxb5 axb5 29. a3 Qf5 30. Rh2 Ng4 31. Re2 c5 32. dxc6 Rxc6 33. Kf1 Rec8 34. Kg2 Rc2 35. Bd4 R2c6 36. Qd2 Qd5 37. Qb4 Nh6 38. a4 bxa4 39. bxa4 Nf5 40. Rd1 Rc2 41. Rdd2 R2c4 42. Qb5 Qe6 43. a5 Nxh4+ 44. gxh4 Qg4+ 45. Kh2 Rc1 46. Qb3+ Kh8 47. Rd1 Qxe2+ 48. Kg3 Rxd1 49. Qf7 Qg4+ 50. Kf2 Rd2+ 51. Ke1 Qe2# 0-1


[Site "https://www.chess.com"]

[Event "Titled Tuesday Blitz September 27 Early 2022"]
[White "Skliarov, Viktor"]
[Black "Rangel, Daniel"]
[WhiteFideId "14106736"]
[BlackFideId "2124475"]
[WhiteElo "2213"]
[BlackElo "2225"]
[Result "0-1"]
[Round "03"]
[TimeControl "180+1"]
[Date "2022.09.27"]
[WhiteClock "0:00:26"]
[BlackClock "0:00:43"]

1. e4 c5 2. Nf3 g6 3. d4 cxd4 4. Qxd4 Nf6 5. Nc3 Nc6 6. Qa4 d6 7. e5 dxe5 8. Nxe5 Bd7 9. Nxd7 Nxd7 10. Bb5 Bg7 11. Bxc6 bxc6 12. Qxc6 Rc8 13. Qa6 Rxc3 14. bxc3 Bxc3+ 15. Ke2 Bxa1 16. Bh6 Be5 17. Rd1 Qc7 18. Kf1 f6 19. Qe6 Nc5 20. Qc4 e6 21. f4 Bd6 22. Bg7 Qxg7 23. Rxd6 Qc7 24. Qb5+ Ke7 25. Rc6 Qxf4+ 26. Ke2 Qe4+ 27. Kf2 Qxc2+ 28. Kf1 Qd3+ 29. Qxd3 Nxd3 30. Rc7+ Kd6 31. Rxa7 h5 32. a4 Rb8 33. Ke2 Nc5 34. a5 Rb2+ 35. Kf3 Ra2 36. Ra8 g5 37. h3 Ke5 38. g3 Ra3+ 39. Kg2 Ne4 40. a6 Rxg3+ 41. Kh2 Ra3 42. a7 g4 43. hxg4 hxg4 44. Kg2 Ra2+ 45. Kg1 f5 46. Kf1 f4 47. Kg1 g3 0-1


[Site "https://www.chess.com"]

[Event "Titled Tuesday Blitz September 27 Early 2022"]
[White "Song, Julien"]
[Black "Wagner, Dennis"]
[WhiteFideId "659487"]
[BlackFideId "24650684"]
[WhiteElo "2225"]
[BlackElo "2355"]
[Result "0-1"]
[Round "03"]
[TimeControl "180+1"]
[Date "2022.09.27"]
[WhiteClock "0:00:02"]
[BlackClock "0:00:55"]

1. d4 Nf6 2. Bg5 e6 3. e4 h6 4. Bxf6 Qxf6 5. Nc3 d6 6. Qd2 c6 7. O-O-O Nd7 8. f4 e5 9. fxe5 dxe5 10. Nf3 exd4 11. Nxd4 Ne5 12. Nf5 g6 13. Ne3 Bd7 14. Be2 O-O-O 15. Rhf1 Qg5 16. h4 Qxh4 17. Qd4 Qg5 18. Qxa7 Bc5 19. Qxc5 Nd3+ 20. Bxd3 Qxc5 21. Rde1 Be6 0-1


[Site "https://www.chess.com"]

[Event "Titled Tuesday Blitz September 27 Early 2022"]
[White "Sovetbekova, Nurai"]
[Black "Suleymanli, Suleyman"]
[WhiteFideId "13801910"]
[BlackFideId "13416375"]
[WhiteElo "1646"]
[BlackElo "1652"]
[Result "0-1"]
[Round "03"]
[TimeControl "180+1"]
[Date "2022.09.27"]
[WhiteClock "0:00:03"]
[BlackClock "0:00:52"]

1. d4 d5 2. c4 dxc4 3. Nf3 Nf6 4. e3 e6 5. Bxc4 c5 6. O-O a6 7. a4 Nc6 8. dxc5 Bxc5 9. Qxd8+ Kxd8 10. Nc3 Ke7 11. Rd1 Na5 12. b3 b6 13. Nd4 Bb7 14. Bb2 Rac8 15. Nce2 Rhd8 16. Rac1 Nxc4 17. Rxc4 Bd5 18. Rcc1 Bd6 19. Rxc8 Rxc8 20. Rc1 Rxc1+ 21. Nxc1 g6 22. f3 e5 23. Nc2 Nd7 24. e4 Be6 25. Ba3 Bxa3 26. Nxa3 Nc5 27. b4 Nxa4 28. Nd3 a5 29. bxa5 bxa5 30. Nxe5 Kd6 31. Nec4+ Kc5 32. Ne5 Nc3 33. Nd3+ Kd4 34. Nb2 Bb3 35. Kf2 Nd1+ 36. Nxd1 Bxd1 37. Ke1 Bb3 38. Kd2 Kc5 39. Kc3 Bd1 40. Nc4 a4 41. Ne5 f5 42. exf5 gxf5 43. Nd3+ Kb5 44. Nb2 Be2 45. f4 a3 46. Kb3 axb2 47. Kxb2 Kc4 48. Kc2 Kd4 49. Kd2 Ba6 50. Ke1 Ke4 51. g3 Kf3 52. Kd2 Kg2 0-1


[Site "https://www.chess.com"]

[Event "Titled Tuesday Blitz September 27 Early 2022"]
[White "Srihari L R"]
[Black "Mouhamad, Joachim"]
[WhiteFideId "46617116"]
[BlackFideId "656410"]
[WhiteElo "2208"]
[BlackElo "2147"]
[Result "1-0"]
[Round "03"]
[TimeControl "180+1"]
[Date "2022.09.27"]
[WhiteClock "0:00:06"]
[BlackClock "0:00:01"]

1. e4 c5 2. Nf3 Nc6 3. c3 Nf6 4. Bd3 g6 5. O-O Bg7 6. Re1 O-O 7. Bf1 d6 8. d4 cxd4 9. cxd4 Bg4 10. d5 Bxf3 11. Qxf3 Ne5 12. Qb3 Rb8 13. Nc3 a6 14. a4 Nfd7 15. h3 Nc5 16. Qd1 Qa5 17. Bd2 Qb4 18. Rb1 Nb3 19. Be3 Rbc8 20. Re2 Nc4 21. Kh1 Nxe3 22. Rxe3 Na5 23. Na2 Qb6 24. b3 Rc7 25. Rc1 Rfc8 26. Rxc7 Qxc7 27. Re2 Be5 28. Kg1 h5 29. h4 Kg7 30. g3 Qb6 31. Kg2 Qxb3 32. Qxb3 Nxb3 33. f4 Bd4 34. e5 Rc5 35. exd6 exd6 36. Nb4 a5 37. Nd3 Rxd5 38. Rc2 Nc5 39. Ne1 Bf6 40. Nf3 Rd1 41. Bb5 Ra1 42. Re2 Nxa4 43. Re8 Nc5 44. Ra8 a4 45. Nd2 a3 46. Kf3 Ra2 47. Ne4 Nxe4 48. Kxe4 Bb2 49. Ra7 b6 50. Bc4 Ra1 51. Rxf7+ Kh6 52. Ra7 Re1+ 53. Kf3 Bd4 54. Bg8 1-0


[Site "https://www.chess.com"]

[Event "Titled Tuesday Blitz September 27 Early 2022"]
[White "Svane, Frederik"]
[Black "Manukyan, Sargis A."]
[WhiteFideId "12923044"]
[BlackFideId "13303970"]
[WhiteElo "2459"]
[BlackElo "2187"]
[Result "1-0"]
[Round "03"]
[TimeControl "180+1"]
[Date "2022.09.27"]
[WhiteClock "0:00:14"]
[BlackClock "0:00:12"]

1. c4 e5 2. d3 Nc6 3. Nc3 g6 4. g3 Bg7 5. Bg2 Nge7 6. Rb1 O-O 7. b4 a6 8. a4 a5 9. b5 Nb4 10. Nf3 c5 11. bxc6 bxc6 12. O-O d5 13. Bd2 Be6 14. cxd5 cxd5 15. Nb5 h6 16. Bxb4 axb4 17. Rxb4 Qa5 18. Rb1 Qxa4 19. Nc7 Qxd1 20. Rfxd1 Ra2 21. Nxe6 fxe6 22. Rb7 Nc6 23. Rc1 Nd8 24. Rd7 Rxe2 25. Rcc7 Nf7 26. Bh3 e4 27. dxe4 dxe4 28. Nh4 e3 29. Nxg6 Rxf2 30. Nxf8 Ng5 31. Bxe6+ Kh8 32. Ng6+ Kh7 33. Rxg7# 1-0


[Site "https://www.chess.com"]

[Event "Titled Tuesday Blitz September 27 Early 2022"]
[White "Szente Varga, Fruzsina"]
[Black "Luxama, Jacques Muller"]
[WhiteFideId "712264"]
[BlackFideId "11900113"]
[WhiteElo "1994"]
[BlackElo "1931"]
[Result "1-0"]
[Round "03"]
[TimeControl "180+1"]
[Date "2022.09.27"]
[WhiteClock "0:02:18"]
[BlackClock "0:00:03"]

1. e4 e5 2. d4 exd4 3. Qxd4 Nc6 4. Qe3 Nf6 5. Bd2 d6 6. Nc3 g6 7. O-O-O Bg7 8. f3 a6 9. h4 b5 10. Nd5 O-O 11. Nxf6+ Qxf6 12. Bc3 Qe6 13. Bxg7 Kxg7 14. Kb1 Bd7 15. h5 Rh8 16. Nh3 Nb4 17. Qd4+ Qf6 18. Qxb4 a5 19. Qd2 b4 20. Nf4 b3 21. Nd5 bxa2+ 22. Ka1 Qd8 23. Qc3+ f6 24. h6+ Kf7 25. Bc4 Be6 26. Nxc7 Bxc4 27. Qxc4+ Ke7 28. Qe6+ Kf8 29. Nd5 a4 30. Nxf6 1-0


[Site "https://www.chess.com"]

[Event "Titled Tuesday Blitz September 27 Early 2022"]
[White "Taboas Rodriguez, Daniel"]
[Black "Lorenzo De La Riva, Lazaro"]
[WhiteFideId "2208466"]
[BlackFideId "2268809"]
[WhiteElo "2429"]
[BlackElo "2325"]
[Result "1-0"]
[Round "03"]
[TimeControl "180+1"]
[Date "2022.09.27"]
[WhiteClock "0:00:48"]
[BlackClock "0:00:01"]

1. d4 Nf6 2. Nf3 d5 3. c4 e6 4. Bg5 Be7 5. e3 O-O 6. Nc3 h6 7. Bh4 Ne4 8. Bxe7 Qxe7 9. Rc1 b6 10. cxd5 Nxc3 11. Rxc3 exd5 12. Qc2 c5 13. dxc5 bxc5 14. Rxc5 Bf5 15. Qc3 Nd7 16. Rc7 Qd6 17. Nd4 Be6 18. Bb5 Nb6 19. O-O Rfc8 20. Rc1 Nc4 21. Rxc8+ Rxc8 22. Bxc4 Rxc4 23. Qe1 Qc5 24. Rc3 Qb4 25. Qd2 a5 26. h4 Kf8 27. Qc2 Rxc3 28. Qxc3 Qxc3 29. bxc3 Ke7 30. Kf1 Kd6 31. Ke2 Bd7 32. Kd3 Kc5 33. Nb3+ Kb6 34. Kd4 Bc6 35. f4 Kb5 36. g3 a4 37. Na1 h5 38. Nc2 g6 39. a3 Bb7 40. Nb4 Kb6 41. Nxd5+ Kc6 42. c4 Kd6 43. c5+ Ke6 44. Nb4 Kf5 45. c6 Bc8 46. Nd5 Kg4 47. Nb6 Be6 48. Nxa4 Kxg3 49. Nc5 Bg4 50. a4 Kxh4 51. a5 1-0


[Site "https://www.chess.com"]

[Event "Titled Tuesday Blitz September 27 Early 2022"]
[White "Tang, Andrew"]
[Black "Terzi, Alexei"]
[WhiteFideId "2059630"]
[BlackFideId "13505076"]
[WhiteElo "2584"]
[BlackElo "2031"]
[Result "0-1"]
[Round "03"]
[TimeControl "180+1"]
[Date "2022.09.27"]
[WhiteClock "0:00:01"]
[BlackClock "0:00:03"]

1. d4 Nf6 2. c4 e6 3. Nc3 d5 4. cxd5 exd5 5. Bg5 Be7 6. e3 O-O 7. Bd3 c6 8. Qc2 Nbd7 9. Nge2 Re8 10. O-O Nf8 11. Bh4 Ng6 12. Bg3 Nh5 13. Rad1 Nxg3 14. Nxg3 Bf6 15. Rfe1 Nf8 16. b4 a6 17. a4 g6 18. b5 axb5 19. axb5 Bd7 20. bxc6 bxc6 21. Rc1 Qa5 22. Nb1 Qa2 23. Re2 Qxc2 24. Rexc2 Ra1 25. Nf1 Rb8 26. Nfd2 Ne6 27. Kf1 Bd8 28. Rc3 Ba5 29. Rb3 Ra8 30. Ke2 Bc7 31. g3 R8a2 32. h4 Ba5 33. Nc3 Rxc1 34. Nxa2 Ra1 35. Bb1 c5 36. dxc5 Nxc5 37. Rb2 Kg7 38. Nc1 Na4 39. Ncb3 Nxb2 40. Nxa1 Na4 41. Bd3 Nc3+ 42. Kf3 Bb5 43. Bc2 Bb6 44. Nab3 Be2+ 45. Kg2 Bc4 46. Nxc4 dxc4 47. Nd2 Nb5 48. Nxc4 Bc7 49. g4 Nd6 50. Nd2 f6 51. f4 Bb6 52. Kf3 Nb5 53. Nc4 Bc5 54. Ba4 Nc7 55. Bc6 Ne6 56. Bd7 Nc7 57. e4 Na6 58. g5 fxg5 59. hxg5 Nc7 60. f5 gxf5 61. exf5 h6 62. g6 Nd5 63. Bc6 Ne7 64. Be4 Kf6 65. Kf4 Bd4 66. Bd3 Bc3 67. Kg4 h5+ 68. Kf4 h4 69. Kg4 h3 0-1


[Site "https://www.chess.com"]

[Event "Titled Tuesday Blitz September 27 Early 2022"]
[White "Tarnowska, Aleksandra"]
[Black "Rama, Tejas"]
[WhiteFideId "1180967"]
[BlackFideId "30907381"]
[WhiteElo "1700"]
[BlackElo "1513"]
[Result "0-1"]
[Round "03"]
[TimeControl "180+1"]
[Date "2022.09.27"]
[WhiteClock "0:00:02"]
[BlackClock "0:00:07"]

1. e4 c5 2. Nf3 d6 3. Bb5+ Bd7 4. Bxd7+ Nxd7 5. O-O Ngf6 6. Re1 e6 7. c3 Be7 8. d4 O-O 9. Nbd2 Rc8 10. Nf1 d5 11. e5 Ne4 12. Ng3 Nxg3 13. hxg3 b5 14. Bf4 b4 15. Qd2 Qa5 16. cxb4 Qxb4 17. Qxb4 cxb4 18. Rac1 a5 19. Red1 a4 20. b3 axb3 21. axb3 Rc3 22. Rb1 Ra8 23. Bd2 Rc2 24. Rdc1 Raa2 25. Rxc2 Rxc2 26. Ra1 Rb2 27. Ra4 Rxb3 28. Ra8+ Bf8 29. Bg5 Rb1+ 30. Kh2 b3 31. Nd2 Rb2 32. Rd8 h6 33. Be3 g6 34. Rxd7 Bb4 35. Rb7 Bxd2 36. Bxd2 Rxd2 37. Rxb3 Rxd4 38. Re3 Kg7 39. f4 g5 40. Kh3 Kg6 41. Kg4 h5+ 42. Kf3 g4+ 43. Ke2 Kf5 44. Rc3 Re4+ 45. Kf2 Ra4 46. Rc7 Kg6 47. Rc8 Ra2+ 48. Ke3 Rxg2 49. Rg8+ Kh7 50. Rf8 Kg7 51. Ra8 Rxg3+ 52. Kd4 Rf3 53. Kc5 Rxf4 54. Kd6 g3 55. Ra2 Rf2 56. Ra3 h4 57. Ra4 g2 58. Rg4+ Kf8 59. Kd7 h3 0-1


[Site "https://www.chess.com"]

[Event "Titled Tuesday Blitz September 27 Early 2022"]
[White "Tasev, Dejan"]
[Black "Curtis, John"]
[WhiteFideId "936618"]
[BlackFideId "3200256"]
[WhiteElo "2256"]
[BlackElo "2203"]
[Result "1-0"]
[Round "03"]
[TimeControl "180+1"]
[Date "2022.09.27"]
[WhiteClock "0:00:34"]
[BlackClock "0:00:03"]

1. e4 c6 2. d4 d5 3. Nc3 dxe4 4. Nxe4 Nf6 5. Nxf6+ exf6 6. c3 Bf5 7. Bd3 Bxd3 8. Qxd3 Qd5 9. Nf3 Bd6 10. O-O O-O 11. c4 Qh5 12. b3 Rd8 13. Bb2 a5 14. a4 Na6 15. Rae1 Nb4 16. Qb1 Qg6 17. Qxg6 hxg6 18. Re2 Re8 19. Rfe1 Rxe2 20. Rxe2 Kf8 21. Bc3 Re8 22. Rxe8+ Kxe8 23. Bxb4 Bxb4 24. Kf1 g5 25. h3 Be7 26. g4 g6 27. Ke2 Kd7 28. Kd3 Ke6 29. Nd2 f5 30. f3 Bb4 31. Nf1 b6 32. Ng3 Bd6 33. Ne2 Bb4 34. Ke3 Bd6 35. Kd3 Bb4 36. Nc1 Ba3 37. Na2 f6 38. Nc3 Bb4 39. d5+ Kd6 40. Na2 cxd5 41. Nxb4 dxc4+ 42. Kxc4 axb4 43. Kxb4 Kc6 44. Kc4 b5+ 45. axb5+ Kb6 46. Kb4 f4 47. Kc4 Kc7 48. Kc5 Kd7 49. b6 Ke6 50. b7 f5 51. b8=Q fxg4 52. hxg4 Kd7 53. Qd6+ Ke8 54. Qxg6+ Ke7 55. Qxg5+ Ke6 56. Qxf4 Kd7 57. Qf6 1-0


[Site "https://www.chess.com"]

[Event "Titled Tuesday Blitz September 27 Early 2022"]
[White "Thorhallsson, Simon"]
[Black "Broca Jimenez, Fernando"]
[WhiteFideId "2310090"]
[BlackFideId "5104742"]
[WhiteElo "2137"]
[BlackElo "2062"]
[Result "0-1"]
[Round "03"]
[TimeControl "180+1"]
[Date "2022.09.27"]
[WhiteClock "0:00:01"]
[BlackClock "0:00:03"]

1. e4 c5 2. Nc3 Nc6 3. Bb5 Nd4 4. Nf3 Nf6 5. e5 Nxb5 6. Nxb5 Nd5 7. O-O g6 8. d4 a6 9. dxc5 axb5 10. Qxd5 Bg7 11. Bg5 O-O 12. a3 h6 13. Bh4 g5 14. Bg3 Qc7 15. Rfd1 Ra6 16. Nd4 b6 17. cxb6 Rxb6 18. Qe4 Bb7 19. Qe2 Qc4 20. Qe3 Ra6 21. c3 f6 22. Nf5 Rf7 23. Rxd7 Re6 24. Rxb7 fxe5 25. Nxg7 Rxg7 26. Re1 Rf7 27. Qd2 e4 28. Rb8+ Kg7 29. Qd8 Kg6 30. Qg8+ Rg7 31. Qe8+ Rf7 32. Qh8 Ref6 33. Rg8+ Kh5 34. h3 e3 35. Rxe3 Qd5 36. Kh2 Rxf2 37. Bxf2 Rxf2 38. Rg3 Qd6 39. Qg7 Rxg2+ 0-1


[Site "https://www.chess.com"]

[Event "Titled Tuesday Blitz September 27 Early 2022"]
[White "Toncheva, Nadya"]
[Black "Kosakowski, Jakub"]
[WhiteFideId "2924056"]
[BlackFideId "1185080"]
[WhiteElo "1888"]
[BlackElo "2453"]
[Result "0-1"]
[Round "03"]
[TimeControl "180+1"]
[Date "2022.09.27"]
[WhiteClock "0:00:04"]
[BlackClock "0:00:44"]

1. e4 c6 2. d4 d5 3. Nc3 dxe4 4. Nxe4 Bf5 5. Ng3 Bg6 6. h4 h6 7. Nf3 e6 8. h5 Bh7 9. Bd3 Bxd3 10. Qxd3 Nf6 11. Bd2 c5 12. c3 Nc6 13. Qb5 a6 14. Qb3 Be7 15. O-O-O cxd4 16. Be3 dxe3 17. Rxd8+ Nxd8 18. fxe3 O-O 19. e4 Nd7 20. Ne2 Nc5 21. Qc2 Nc6 22. g4 b5 23. g5 hxg5 24. h6 g4 25. Ned4 Nxd4 26. cxd4 Rac8 27. Kb1 g6 28. h7+ Kh8 29. Ne5 Bf6 30. Nxf7+ Rxf7 31. dxc5 g3 32. b4 Be5 33. Qd1 g2 34. Rg1 Rf2 35. Rxg2 Rxg2 36. Qd7 Rf8 0-1


[Site "https://www.chess.com"]

[Event "Titled Tuesday Blitz September 27 Early 2022"]
[White "Umarov, Sabir"]
[Black "Odegov, Artem"]
[WhiteFideId "14200538"]
[BlackFideId "34183644"]
[WhiteElo "2385"]
[BlackElo "2286"]
[Result "0-1"]
[Round "03"]
[TimeControl "180+1"]
[Date "2022.09.27"]
[WhiteClock "0:00:34"]
[BlackClock "0:00:17"]

1. e4 e6 2. e5 d5 3. exd6 Bxd6 4. d4 Nf6 5. Nf3 O-O 6. Bd3 b6 7. O-O Bb7 8. Nbd2 Nbd7 9. Nc4 Be7 10. c3 c5 11. Re1 Qc7 12. Nce5 cxd4 13. Nxd7 Qxd7 14. Nxd4 Rfd8 15. Qe2 Bc5 16. Bb5 Qd5 17. Nf3 Ng4 18. Rf1 Qh5 19. Bf4 Rd5 20. h3 Nxf2 21. Rxf2 Bxf2+ 22. Kxf2 Rxb5 23. g4 Qd5 24. c4 Qc5+ 25. Be3 Bxf3 26. Bxc5 Bxe2 27. cxb5 Bxb5 28. Bd4 Rc8 29. Bc3 f6 30. Rd1 Kf7 31. Ke3 e5 32. a3 Ke6 33. Rd2 a5 34. Rf2 Rd8 35. Rd2 Rxd2 36. Bxd2 g6 37. Kf3 Bc6+ 38. Ke3 a4 39. Bc3 b5 40. Bb4 f5 41. gxf5+ gxf5 42. h4 f4+ 43. Kf2 Kf5 44. Bc5 e4 45. Bd4 e3+ 46. Ke2 Ke4 47. Bb6 f3+ 48. Ke1 Kd3 49. Kf1 f2 0-1


[Site "https://www.chess.com"]

[Event "Titled Tuesday Blitz September 27 Early 2022"]
[White "Vignesh, N R"]
[Black "Timofeev, Artyom"]
[WhiteFideId "25012215"]
[BlackFideId "4140419"]
[WhiteElo "2363"]
[BlackElo "2579"]
[Result "0-1"]
[Round "03"]
[TimeControl "180+1"]
[Date "2022.09.27"]
[WhiteClock "0:00:15"]
[BlackClock "0:00:22"]

1. d4 Nf6 2. c4 g6 3. Nf3 Bg7 4. g3 d5 5. Bg2 dxc4 6. Na3 O-O 7. Nxc4 Nc6 8. O-O Be6 9. b3 a5 10. Bb2 a4 11. e3 Bd5 12. Qe2 e6 13. Ba3 Re8 14. Rfc1 Bf8 15. Bxf8 Rxf8 16. b4 a3 17. Rab1 Ne4 18. Ne1 Ne7 19. f3 Nd6 20. Ne5 Bc6 21. Nxc6 Nxc6 22. Nd3 Re8 23. Nc5 e5 24. dxe5 Nxe5 25. f4 Nd7 26. Nxb7 Nxb7 27. Bxb7 Rb8 28. Bc6 Qe7 29. Qd3 Red8 30. Qxa3 Nf6 31. Bf3 Rd2 32. Rd1 Rxd1+ 33. Rxd1 Rxb4 34. Qd3 Kg7 35. Qc3 c5 36. Rc1 Ra4 37. e4 Rd4 38. e5 Nd7 39. Bc6 h5 40. Bxd7 Qxd7 41. Qxc5 Rd2 42. Qc3 Qd5 43. Qxd2 Qxd2 44. Rf1 Qxa2 45. h4 Qe2 46. Rf2 Qe3 47. Kg2 Kf8 48. f5 Qe4+ 49. Kh3 gxf5 50. Kh2 Qxe5 51. Rf4 Kg7 52. Kg2 Kf6 53. Kf3 Qd5+ 54. Ke3 Qb3+ 55. Kf2 Qc2+ 56. Kf3 Qd3+ 57. Kg2 Ke5 58. Rf3 Qe4 59. Kf2 Qc6 60. Re3+ Kd4 61. Rf3 Qc2+ 62. Kg1 Ke4 63. Rf4+ Ke3 64. Kf1 Qd3+ 65. Kg2 Qd5+ 66. Kg1 Qe5 67. Kg2 Qxf4 68. gxf4 Kxf4 0-1


[Site "https://www.chess.com"]

[Event "Titled Tuesday Blitz September 27 Early 2022"]
[White "Visakh N R"]
[Black "Danielyan, Vahe"]
[WhiteFideId "25012223"]
[BlackFideId "13304828"]
[WhiteElo "2448"]
[BlackElo "2421"]
[Result "0-1"]
[Round "03"]
[TimeControl "180+1"]
[Date "2022.09.27"]
[WhiteClock "0:01:08"]
[BlackClock "0:00:57"]

1. c4 c6 2. Nf3 Nf6 3. g3 g6 4. Bg2 Bg7 5. O-O O-O 6. b3 d6 7. Bb2 Qa5 8. Nc3 Qh5 9. d3 Bh3 10. e3 Bg4 11. Qe2 Nbd7 12. Nb1 e5 13. Nbd2 Rae8 14. Rad1 a5 15. Ne4 Nxe4 16. dxe4 f5 17. h3 Bxh3 18. Bxh3 fxe4 19. Bxd7 exf3 20. Qd3 e4 21. Qc2 Rf5 0-1


[Site "https://www.chess.com"]

[Event "Titled Tuesday Blitz September 27 Early 2022"]
[White "Vogel, Roven"]
[Black "Fernandez De La Vara, Arnaldo"]
[WhiteFideId "12908088"]
[BlackFideId "3518388"]
[WhiteElo "2501"]
[BlackElo "2387"]
[Result "1/2-1/2"]
[Round "03"]
[TimeControl "180+1"]
[Date "2022.09.27"]
[WhiteClock "0:00:06"]
[BlackClock "0:00:06"]

1. d4 c5 2. d5 Nf6 3. Nc3 d6 4. e4 a6 5. a4 g6 6. h3 Bg7 7. Nf3 O-O 8. Bc4 Nbd7 9. O-O Ne8 10. Bf4 Nc7 11. Re1 Rb8 12. a5 b5 13. axb6 Rxb6 14. Na4 Rb4 15. Bf1 Nb6 16. c3 Rxa4 17. Rxa4 Nxa4 18. Qxa4 Bd7 19. Qa5 Qb8 20. Bc1 Qb7 21. Nd2 Rb8 22. Nc4 Bb5 23. Qa2 Bxc4 24. Bxc4 Qb6 25. Re2 a5 26. Bf4 Be5 27. Bg5 Bf6 28. Bf4 Be5 29. Bc1 Bf6 30. Qa4 Nb5 31. g3 h5 32. h4 Kg7 33. Kg2 Kh7 34. Bf4 Be5 35. Bg5 Bf6 36. Bc1 Kg7 37. Re1 Kh7 38. Bf4 Be5 39. Bg5 Bf6 40. Ra1 Nc7 41. Qxa5 Qb7 42. Qa7 Bxg5 43. hxg5 Kg7 44. Qxb7 Rxb7 45. Ra2 f6 46. f4 fxg5 47. fxg5 e5 48. b3 Kf7 49. Rb2 Ke7 50. b4 cxb4 51. cxb4 Nb5 52. Bxb5 Rxb5 53. Kf2 Kd7 54. Ke3 Rb8 55. Kd3 Rf8 56. Ke2 Rc8 57. b5 Rc3 58. b6 Kc8 59. b7+ Kb8 60. Rb6 Rxg3 61. Rxd6 Kxb7 62. Rxg6 h4 63. Kf2 Rg4 64. Kf3 Rg3+ 65. Kf2 Rg4 66. Ke3 Rg3+ 67. Ke2 Rg4 68. Kd3 Rg3+ 69. Kc4 Rg4 70. Kc5 Rxe4 71. Rg7+ Kc8 72. Kd6 h3 73. Rh7 Rg4 74. Rxh3 Rxg5 75. Rh8+ Kb7 76. Re8 Rg6+ 77. Re6 Rg5 78. Rxe5 Rg6+ 79. Re6 Rg5 80. Re7+ Kc8 81. Re8+ Kb7 82. Rd8 Kb6 83. Rc8 Kb7 84. Rc3 Rg6+ 85. Ke5 Rg5+ 86. Ke6 Rg6+ 87. Kf5 Rh6 88. Ke5 Rh5+ 89. Ke6 Rh6+ 90. Kf5 Rh5+ 91. Ke4 Rh4+ 92. Ke5 Rh5+ 93. Kd6 Rh6+ 94. Kc5 Kc7 95. Rg3 Kc8 96. Rg7 Rf6 97. Rg8+ Kc7 98. Rg7+ Kc8 99. Rg4 Rh6 100. Rb4 Rf6 101. Rb5 Rh6 102. Rb4 Rf6 103. Re4 Kc7 104. Re7+ Kd8 105. Re5 Rg6 106. Re6 Rxe6 107. dxe6 Ke7 108. Kd5 Ke8 109. Kd6 Kd8 110. e7+ Ke8 111. Ke6 1/2-1/2


[Site "https://www.chess.com"]

[Event "Titled Tuesday Blitz September 27 Early 2022"]
[White "Vokhidov, Shamsiddin"]
[Black "Goltsev, Dmitry"]
[WhiteFideId "14204223"]
[BlackFideId "24176710"]
[WhiteElo "2619"]
[BlackElo "2257"]
[Result "1-0"]
[Round "03"]
[TimeControl "180+1"]
[Date "2022.09.27"]
[WhiteClock "0:00:18"]
[BlackClock "0:00:12"]

1. e4 e6 2. d4 d5 3. e5 c5 4. c3 Nc6 5. Nf3 Nge7 6. Na3 cxd4 7. cxd4 Nf5 8. Nc2 h5 9. a3 Be7 10. b4 g5 11. h3 Rg8 12. g4 hxg4 13. hxg4 Nh4 14. Nxh4 gxh4 15. f4 Bd7 16. g5 Rh8 17. Qg4 Qb6 18. Be3 O-O-O 19. Rxh4 Kb8 20. Bd3 a6 21. Ke2 Na7 22. a4 Bxb4 23. Rb1 a5 24. Bd2 Bxa4 25. Nxb4 axb4 26. Bxb4 Bb5 27. Ke3 Qa6 28. Bxb5 Nxb5 29. Rh6 Qa2 30. Qd1 Qg2 31. Qf1 Qe4+ 32. Kd2 Qxd4+ 33. Ke1 Qe3+ 34. Qe2 Qg1+ 35. Qf1 Qe3+ 36. Qe2 Qxe2+ 37. Kxe2 Nd4+ 38. Kd3 Nf5 39. Rhh1 Rc8 40. Ba5 Rxh1 41. Rxh1 Ka7 42. Rh7 Rc4 43. Bd2 Rd4+ 44. Kc2 Rc4+ 45. Kd3 Rd4+ 46. Ke2 Re4+ 47. Kd1 d4 48. Rxf7 d3 49. Rd7 Rd4 50. Rxd4 Nxd4 51. Be3 b5 52. Bxd4+ Kb7 53. g6 b4 54. g7 b3 55. g8=Q 1-0


[Site "https://www.chess.com"]

[Event "Titled Tuesday Blitz September 27 Early 2022"]
[White "Vovk, Orest"]
[Black "Dilanyan, Grigor"]
[WhiteFideId "14113490"]
[BlackFideId "13303570"]
[WhiteElo "2203"]
[BlackElo "2264"]
[Result "0-1"]
[Round "03"]
[TimeControl "180+1"]
[Date "2022.09.27"]
[WhiteClock "0:00:02"]
[BlackClock "0:00:06"]

1. h4 e5 2. h5 d5 3. h6 Nxh6 4. d4 e4 5. Bxh6 gxh6 6. e3 c5 7. Ne2 Nc6 8. Nbc3 c4 9. Nf4 Be6 10. Rh5 Bb4 11. Rxh6 Kd7 12. Bxc4 Qa5 13. Bb3 Rad8 14. Kf1 Kc8 15. Nce2 Bg4 16. c3 Be7 17. Qc2 Bg5 18. Rh1 h5 19. a3 Kb8 20. c4 dxc4 21. Bxc4 Qf5 22. Ng3 Nxd4 23. Qc3 Qc5 24. Nxe4 Qc6 25. Nxg5 Nf5 26. Nxf7 Rhf8 27. Nxd8 Rxd8 28. Be2 Qb6 29. Bxg4 hxg4 30. Rc1 a6 31. Rh7 Ka8 32. Kg1 g3 33. fxg3 Nxe3 34. Kh1 Ng4 35. Qc7 Nf2+ 36. Kh2 Ng4+ 37. Kh3 Nf2+ 38. Kh4 Qf6+ 39. Kh5 Qf5+ 40. Kh6 Ng4+ 41. Kg7 Qf6# 0-1


[Site "https://www.chess.com"]

[Event "Titled Tuesday Blitz September 27 Early 2022"]
[White "White, John S."]
[Black "Fromm, Marius"]
[WhiteFideId "2502348"]
[BlackFideId "12993190"]
[WhiteElo "1904"]
[BlackElo "2312"]
[Result "0-1"]
[Round "03"]
[TimeControl "180+1"]
[Date "2022.09.27"]
[WhiteClock "0:00:42"]
[BlackClock "0:01:04"]

1. e4 c5 2. Nf3 d6 3. d4 cxd4 4. Nxd4 Nf6 5. Nc3 a6 6. Bg5 e6 7. f4 Be7 8. Qf3 Qc7 9. O-O-O Nbd7 10. Bd3 h6 11. Bxf6 Bxf6 12. Be2 O-O 13. g4 b5 14. h4 b4 15. Nb1 Bb7 16. g5 Bxd4 17. Rxd4 h5 18. Qxh5 Rac8 19. Rc4 Qa5 20. a3 Rxc4 21. Bxc4 Rc8 22. Bb3 Rb8 23. g6 Qxh5 24. gxf7+ Qxf7 25. f5 Nc5 26. fxe6 Nxb3+ 27. cxb3 Rc8+ 28. Kd2 Qf2+ 29. Kd3 a5 30. Nd2 bxa3 31. bxa3 Ba6+ 32. Nc4 Bxc4+ 33. bxc4 Qf3+ 0-1


[Site "https://www.chess.com"]

[Event "Titled Tuesday Blitz September 27 Early 2022"]
[White "Wirig, Anthony"]
[Black "Ezat, Mohamed"]
[WhiteFideId "615013"]
[BlackFideId "10600906"]
[WhiteElo "2474"]
[BlackElo "2386"]
[Result "1-0"]
[Round "03"]
[TimeControl "180+1"]
[Date "2022.09.27"]
[WhiteClock "0:00:31"]
[BlackClock "0:00:10"]

1. d4 Nf6 2. Bg5 c5 3. Bxf6 gxf6 4. e3 Qb6 5. b3 d6 6. c3 h5 7. h4 Nc6 8. Nd2 a6 9. Be2 Qa5 10. Rc1 cxd4 11. exd4 Bh6 12. Nc4 Qc7 13. Rc2 Bf5 14. Bd3 Bxd3 15. Qxd3 Rc8 16. d5 b5 17. dxc6 bxc4 18. Qxc4 Qb6 19. Ne2 Rxc6 20. Qd4 Qxd4 21. Nxd4 Rc5 22. O-O Kd7 23. Rd1 Rhc8 24. c4 Ke8 25. Re2 Kf8 26. g3 d5 27. Nf5 dxc4 28. Nxh6 cxb3 29. axb3 Kg7 30. Rxe7 Rc1 31. Nf5+ Kg6 32. Ne3 Rxd1+ 33. Nxd1 Rc1 34. Rd7 Rb1 35. Rd3 Kf5 36. Kg2 Ke4 37. Re3+ Kd4 38. Nc3 Rxb3 39. Ne2+ Kc4 40. Re7 a5 41. Rxf7 Rb6 42. Ra7 Kb4 43. Nf4 Rb5 44. g4 hxg4 45. h5 1-0


[Site "https://www.chess.com"]